AoeStats
← fede3042

Black Forest

505749902Analyzed
1v1 RM · 21d ago on Sep 10, 2026· 36m 28s· 2 players
Game mode
Random Map
Map size
Tiny (2 player)
Population
200
Speed
Normal
Resources
Standard
Victory
Conquest
Starting age
Dark Age
Ending age
Imperial Age
RankedLock teamsTeams togetherTeam positionsShared explorationLock speedFull tech treeHidden civsTurbo modeCheats
Victory
Defeat
🇦🇷 Persians · Argentina
659
+16
🇪🇸 Britons · Spain
667
-16
fede3042
0:31 Loom
11:25 Feudal Age
13:00 Horse Collar
13:08 Double-Bit Axe
15:05 Forging
15:01 Scale Barding Armor
21:43 Castle Age
20:18 Gold Mining
21:29 Stone Mining
24:12 Wheelbarrow
24:31 Husbandry
29:06 Heated Shot
29:29 Masonry
31:56 Gold Shaft Mining
32:59 Iron Casting
32:45 Chain Barding Armor
Freeedom432hz
10:48 Loom
13:35 Feudal Age
16:08 Double-Bit Axe
16:56 Gold Mining
24:13 Castle Age
22:49 Horse Collar
23:14 Fletching
24:16 Crossbowman
27:20 Stone Mining
30:29 Bow Saw
31:51 Gold Shaft Mining
34:12 Wheelbarrow
35:14 Pikeman
35:57 Squires
Connection lost

Rejoining the realm…

Still unreachable

The connection could not be restored.

Session expired

The server has moved on; the page needs a fresh start.